 Dungeon Crawl Stone Soup version 0.31-a0-277-g31ea1f65cc (webtiles) character file.

Game seed: 9405024442438727632

240224 Newt the Warrior (level 18, -12/135 HPs)
             Began as a Demonspawn Gladiator on July 15, 2023.
             Was the Champion of Hepliaklqana.
             Mangled by a deep elf blademaster
             ... wielding a +0 short sword
              (19 damage)
             ... on level 3 of the Elven Halls.
             The game lasted 01:10:28 (47069 turns).

Newt the Warrior (Demonspawn Gladiator)            Turns: 47069, Time: 01:10:29

Health: -12/135    AC:  8    Str: 17    XL:     18   Next: 61%
Magic:  0/25       EV: 22    Int: 11    God:    Hepliaklqana [******]
Gold:   2227       SH:  4    Dex: 21    Spells: 27/27 levels left

rFire   + +          .
                       - Unarmed
rCold   + + +        (no shield)
rNeg    . . .        Q - +4 skin of Zhor {*Englaciate rC+++ SInv}
rPois   .            J - +2 hat {Will+}
rElec   .            R - scarf {shadows}
rCorr   .            (gloves unavailable)
SInv    +            (boots unavailable)
Will    ++...        C - amulet of Prescription {RegenMP Harm +Blink rF+ rC+}
Stlth   +++          I - +4 ring of slaying
HPRegen 0.42/turn    a - +4 ring of slaying
MPRegen 0.78/turn

%: harm (+30% outgoing, +20% incoming), guardian spirit
@: about to teleport, studying Fighting
A: reduced essence, antennae 2, claws 3, hooves 3, magic shield, magic
regeneration, condensation shield, thin skeletal structure 1, fire resistance 1
}: 2/15 runes: barnacled, gossamer
a: Renounce Religion, Evoke Blink, Recall Ancestor, Ancestor Identity,
Transference, Idealise


You were on level 3 of the Elven Halls.
You worshipped Hepliaklqana.
Hepliaklqana was exalted by your worship.
You visited 7 branches of the dungeon, and saw 34 of its levels.
You also visited: Sewer, Gauntlet and Ice Cave.

You collected 4362 gold pieces.
You spent 2135 gold pieces at shops.

Inventory:

Hand Weapons
 v - a +4 falchion of protection
Missiles
 c - 4 throwing nets
 e - 16 javelins
 h - 62 poisoned darts
 Y - 6 silver javelins
Armour
 i - a +0 leather armour of fire resistance
 j - a +2 cloak of preservation
 G - +1 swamp dragon scales
 J - a +2 hat of willpower (worn)
 N - a scarf of harm
 Q - the +4 skin of Zhor (worn) {*Englaciate rC+++ SInv}
   (You found it on level 12 of the Dungeon)

   *Englaciate: It radiates cold, occasionally slowing all nearby creatures who
   are not resistant to cold.
   rC:        It renders you almost immune to cold.
   SInv:      It lets you see invisible.
 R - a scarf of shadows (worn)
Jewellery
 a - a +4 ring of slaying (right claw)
 g - the ring of Junosit {rF+++ rC- rN+ Will- Dex+5}
   (You found it on level 1 of the Spider Nest)

   [ring of positive energy]

   Dex:       It affects your dexterity (+5).
   rF:        It renders you almost immune to fire.
   rC:        It makes you vulnerable to cold.
   rN:        It protects you from negative energy.
   Will:      It decreases your willpower.
 C - the amulet of Prescription (around neck) {RegenMP Harm +Blink rF+ rC+}
   (You took it off a white draconian in an ice cave)

   [amulet of magic regeneration]

   It increases your rate of magic regeneration.
   rF:        It protects you from fire.
   rC:        It protects you from cold.
   +Blink:    It lets you blink.
   Harm:      It increases damage dealt and taken.
 I - a +4 ring of slaying (left claw)
 S - the ring "Gavuzur" {rN++ AC+4 Str+5 Stlth-}
   (You bought it in a shop on level 2 of the Orcish Mines)

   [ring of protection]

   AC:        It affects your AC (+4).
   Str:       It affects your strength (+5).
   rN:        It greatly protects you from negative energy.
   Stlth:     It makes you less stealthy.
 X - an amulet of reflection
Wands
 d - a wand of acid (12)
 m - a wand of paralysis (14)
 p - a wand of flame (46)
 F - a wand of digging (23)
 O - a wand of polymorph (14)
 Z - a wand of roots (22)
Scrolls
 b - 11 scrolls of identify
 k - 8 scrolls of amnesia
 r - 4 scrolls of teleportation
 z - 3 scrolls of enchant armour
 E - 3 scrolls of summoning
 U - 4 scrolls of fear
 V - a scroll of blinking
Potions
 f - 3 potions of resistance
 l - a potion of magic
 o - 2 potions of invisibility
 s - 5 potions of might
 u - 4 potions of brilliance
 w - 5 potions of enlightenment
 x - 13 potions of ambrosia
 A - 3 potions of mutation
 B - 6 potions of lignification
 H - 5 potions of haste
 T - 5 potions of attraction
Miscellaneous
 D - a phial of floods (inert)
 K - a phantom mirror
 P - a tin of tremorstones (inert)
 W - a box of beasts


   Skills:
 - Level 16.0 Fighting
 - Level 4.0(9.7) Short Blades
 - Level 13.6(13.8) Long Blades
 - Level 1.7 Throwing
 - Level 9.0 Armour
 + Level 13.7 Dodging
 - Level 2.0 Stealth
 - Level 15.0 Unarmed Combat
 - Level 5.0 Spellcasting
 - Level 9.0 Invocations
 - Level 13.2 Evocations


You had 27 spell levels left.
You didn't know any spells.
Your spell library contained the following spells:

 Spells                   Type           Power      Damage    Failure   Level
 Freeze                   Ice            8%         1d3       22%         1
 Magic Dart               Conj           8%         1d3       22%         1
 Sandblast                Erth           4%         2d4       22%         1
 Call Imp                 Summ           4%         N/A       32%         2
 Cigotuvi's Dreadful Rot  Necr/Pois/Air  4%         N/A       32%         2
 Ensorcelled Hibernation  Hex/Ice        4%         N/A       32%         2
 Passwall                 Tmut/Erth      1%         N/A       32%         2
 Poisonous Vapours        Pois/Air       4%         N/A       32%         2
 Call Canine Familiar     Summ           2%         N/A       54%         3
 Dazzling Flash           Conj/Hex       4%         N/A       54%         3
 Frozen Ramparts          Ice            4%         1d1       54%         3
 Gell's Gravitas          Tloc           2%         N/A       54%         3
 Hailstorm                Conj/Ice       2%         3d3       54%         3
 Inner Flame              Hex/Fire       2%         N/A       54%         3
 Mephitic Cloud           Conj/Pois/Air  2%         N/A       54%         3
 Portal Projectile        Hex/Tloc       4%         N/A       54%         3
 Stone Arrow              Conj/Erth      4%         3d7       54%         3
 Teleport Other           Tloc           2%         N/A       54%         3
 Tukima's Dance           Hex            2%         N/A       54%         3
 Vhi's Electric Charge    Tloc/Air       4%         N/A       54%         3
 Volatile Blastmotes      Fire/Tloc      4%         2d10      54%         3
 Anguish                  Hex/Necr       1%         N/A       91%         4
 Animate Dead             Necr           2%         N/A       91%         4
 Flame Wave               Conj/Fire      2%         2d4       91%         4
 Fulminant Prism          Conj/Hex       1%         3d5       91%         4
 Iskenderun's Mystic Bla  Conj/Tloc      2%         2d3       91%         4
 Leda's Liquefaction      Hex/Erth       1%         N/A       91%         4
 Manifold Assault         Tloc           2%         N/A       91%         4
 Petrify                  Tmut/Erth      2%         N/A       91%         4
 Sticky Flame             Conj/Fire      2%         2d3       91%         4
 Summon Ice Beast         Ice/Summ       2%         N/A       91%         4
 Agony                    Necr           2%         N/A       99%         5
 Arcjolt                  Conj/Air       1%         1d11      99%         5
 Metabolic Englaciation   Hex/Ice        1%         N/A       99%         5
 Silence                  Hex/Air        1%         N/A       99%         5
 Summon Mana Viper        Hex/Summ       2%         N/A       99%         5
 Yara's Violent Unravell  Hex/Tmut       1%         3d3       99%         5
 Dispersal                Tloc           1%         N/A       100%        6
 Leda's Unmaking          Conj/Erth      1%         9d1       100%        6
 Plasma Beam              Fire/Air       1%         2x1d11    100%        6
 Enfeeble                 Hex            1%         N/A       100%        7
 Haunt                    Necr/Summ      1%         N/A       100%        7
 Malign Gateway           Summ/Tloc      1%         N/A       100%        7
 Monstrous Menagerie      Summ           1%         N/A       100%        7
 Disjunction              Tloc           1%         N/A       100%        8
 Infestation              Necr           1%         N/A       100%        8


Dungeon Overview and Level Annotations

Branches:
Dungeon (15/15)            Temple (1/1) D:6            Lair (5/5) D:10
 Shoals (4/4) Lair:3       Spider (4/4) Lair:2        Slime (0/5) Lair:5
    Orc (2/2) D:12            Elf (3/3) Orc:2        Vaults (0/5) D:13
 Depths (0/4) D:15          Sewer (visited)           IceCv (visited)
Gauntlet (visited)

Altars:
Ashenzari
Cheibriados
Dithmenos
Fedhas
Gozag
Hepliaklqana
Kikubaaqudgha
Makhleb
Nemelex Xobeh
Okawaru
Qazlal
Ru
Sif Muna
Trog
Uskayaw
Vehumet
Wu Jian
Xom
Yredelemnul
Jiyva

Shops:
D:3 *   D:6 =   D:9 *[   Orc:2 *[:=*   Elf:1 :=:   Shoals:2 *

Annotations:
Shoals:3 Ilsuiw
Elf:2 Donald


Innate Abilities, Weirdness & Mutations

Your life essence is reduced to manifest your ancestor. (-10% HP)
You have a pair of antennae on your head.
You have claws for hands.
You have hooves in place of feet.
When hurt, damage is shared between your health and your magic reserves.
You regenerate magic rapidly.
A meltable shield of frost defends you. (SH +4)
You have a somewhat thin skeletal structure. (Dex +2, Stealth+)
Your flesh is heat resistant. (rF+)


Message History

The deep elf demonologist mumbles some strange words.
The deep elf annihilator mumbles some strange words.
The deep elf annihilator blinks!
The deep elf high priest utters an invocation to its god.
The deep elf high priest begins emitting a brilliant aura!
The deep elf death mage is empowered by the deep elf high priest's aura!
The deep elf sorcerer is empowered by the deep elf high priest's aura!
The deep elf annihilator is empowered by the deep elf high priest's aura!
The deep elf demonologist is empowered by the deep elf high priest's aura!
A deep elf annihilator comes into view.
It is wielding the +4 battleaxe of the Seven Friends {antimagic, rC+}.
Unknown command.
You mangle the deep elf sorcerer!!
You kill the deep elf sorcerer!
You block the deep elf blademaster's attack. x2
A deep elf demonologist comes into view.
It is wielding a +0 long sword.
The deep elf blademaster hits you with a +0 rapier!! x2
Unknown command.
Unknown command.
Unknown command.
As you read the scroll of teleportation, it crumbles to dust.
You feel strangely unstable.
The deep elf demonologist shouts!
You hear a shout! x3
The neqoxec hits you!
* * * LOW HITPOINT WARNING * * *
The deep elf blademaster closely misses you.
The deep elf blademaster hits you with a +0 rapier!
* * * LOW HITPOINT WARNING * * *
The deep elf annihilator mumbles some strange words.
The deep elf annihilator blinks!
The deep elf annihilator casts a spell.
The deep elf annihilator blinks!
The deep elf death mage closely misses you.
The deep elf blademaster attacks as you move away!
The deep elf blademaster hits you with a +0 rapier!!
* * * LOW HITPOINT WARNING * * *
The deep elf blademaster closely misses you.
The deep elf blademaster attacks as you move away!
The deep elf blademaster misses you.
The deep elf blademaster hits you with a +0 short sword!!
You die...

* **,,,,,*#....?.## **,,,,,,* **
*,,,,,,,#.......###.,,,,,,* ,**
***,,,,,,,##..........,,,,,**
*,***,*,,,,,,,*##.........,,,,***
,*,**,**,,,,,** #.........,,,,* *
,,,,*,,**,,,** #.........,,,,*
,,,**,,,**#'#######.......,,*****
,,,**,,,,*#......)#'######*'*,,,,
,,,**,,***.....3@§2..# *,,,,,,,
,,,,*,,*,,.....eeee..# *,,,,,,,
,*,**,*',,.......e...#* **,,,,,,,
*,*****,,,.§..........#**,,,,,,,,
,*****,,,,...###.......#,,,,,,,**
*,,,**,,,,..#*,##e..e..'.,,,,,**
,*****,,,,.#*,,,##.....#.,,,,**
*** *,,,,,*,,,,,*,,,,,',,,,,* ~~*
*,,,,,**,,,**,,,,,*,,,,,**


You could see 2 deep elf blademasters, a balrug (summoned), a deep elf
annihilator (empowered), a deep elf death mage (empowered), 2 deep elf
demonologists, a deep elf high priest (brilliance aura) and a neqoxec
(summoned).

Vanquished Creatures
  Jorgrun (D:14)
  Rupert (D:12)
  Gastronok (Lair:3)
  A draconian knight (IceCv)
  6 deep elf sorcerers
  9 emperor scorpions (Spider:4)
  A deep elf elementalist (Elf:3)
  2 ghost moths
  An orc warlord (Orc:1)
  2 deep elf demonologists (Elf:3)
  3 white draconians (IceCv)
  A spark wasp (Spider:3)
  3 deep elf annihilators (Elf:3)
  A minotaur (Gauntlet)
  3 merfolk javelineers (Shoals:4)
  A deep elf death mage (Elf:2)
  Fannar (D:10)
  2 merfolk impalers
  A fire dragon (D:15)
  4 entropy weavers
  A vault guard (D:13)
  Harold (Lair:2)
  6 hydras
  Erolcha (D:10)
  5 radroaches
  2 boulder beetles
  3 jorogumos
  A merfolk aquamancer (Shoals:4)
  A catoblepas (Lair:5)
  3 two-headed ogres
  3 alligator snapping turtles (Shoals:4)
  A merfolk avatar (Shoals:2)
  5 dancing weapons
  7 centaur warriors
  A tengu warrior (D:13)
  A satyr (Shoals:4)
  A death scarab (Spider:4)
  The ghost of dolemite99 the Grappler, a novice DrSh of Ru (D:9)
  10 death yaks
  3 demonic crawlers
  Urug (Orc:2)
  An orc high priest (Orc:1)
  3 deep elf knights
  2 skysharks (Shoals:2)
  5 pharaoh ants
  3 skeletal warriors (D:15)
  Lodul (D:10)
  3 sea snakes
  A swamp dragon (Lair:5)
  8 orb spiders
  6 deep elf archers
  10 harpies
  An orange crystal statue (IceCv)
  A wizard (D:13)
  21 deep elf pyromancers
  17 deep elf zephyrmancers
  An orc sorcerer (Orc:1)
  An oklob plant (Lair:4)
  3 ugly things
  An orc knight (Orc:2)
  5 fauns
  6 steelbarb worms
  13 wolf spiders
  8 manticores
  8 cyclopes
  6 moths of wrath
  4 black mambas
  4 water nymphs
  6 merfolk sirens
  9 elephants
  A cane toad (shapeshifter) (D:14)
  6 torpor snails
  A gargoyle (D:12)
  6 cane toads
  2 storm dragon simulacra (IceCv)
  2 unseen horrors (D:12)
  The ghost of IYTBazzie the Firebug, a novice BaFE of Makhleb (D:5)
  Maggie (D:7)
  5 komodo dragons
  2 kobold demonologists (D:12)
  3 rime drakes (D:12)
  4 efreet
  A queen bee (Spider:2)
  A tengu conjurer (D:14)
  4 golden dragon simulacra (IceCv)
  18 merfolk
  3 meliai (Spider:2)
  3 polar bears
  7 trolls
  21 tarantellas
  5 wind drakes
  13 dream sheep
  10 blink frogs
  9 snapping turtles
  10 slime creatures
  5 shadows
  17 jumping spiders
  A jumping spider (shapeshifter) (D:14)
  26 yaks
  19 culicivoras
  3 water elementals
  An air elemental (Elf:3)
  3 wyverns
  3 fire elementals
  6 basilisks
  A steam dragon (Lair:5)
  42 redbacks
  A vampire mosquito (D:13)
  2 wargs (Orc:1)
  2 acid dragons
  11 water moccasins
  A sky beast (D:4)
  An ice beast (D:8)
  27 orc warriors
  2 black bears
  2 swamp drakes (Lair:5)
  3 boggarts (D:15)
  8 ice dragon simulacra (IceCv)
  12 ogres
  14 centaurs
  11 wolves
  2 phantoms
  10 bullfrogs
  4 kobold brigands
  An earth elemental (Elf:3)
  A gnoll sergeant (Orc:2)
  2 scorpions
  10 wights
  2 hexers
  20 killer bees
  4 lindwurm simulacra (IceCv)
  2 howler monkeys
  6 hounds
  2 jellies
  9 orc priests
  Crazy Yiuf (D:5)
  A gnoll bouda (D:6)
  An iron imp (Orc:1)
  Terence (D:3)
  6 iguanas
  2 hell rats (Lair:2)
  7 orc wizards
  6 gnolls
  16 adders
  8 river rats (Lair:2)
  2 shadow imps
  5 white imps
  An ufetubus (D:6)
  4 worms (D:3)
  A dart slug (D:3)
  49 orcs
  5 bats
  12 endoplasms
  6 giant cockroaches
  8 goblins
  9 hobgoblins
  11 jackals
  26 kobolds
  6 quokkas
  9 ball pythons
  5 frilled lizards (Sewer)
  8 rats
915 creatures vanquished.

Vanquished Creatures (collateral kills)
  A deep elf blademaster (Elf:3)
  An emperor scorpion (Spider:2)
  A ghost moth (Spider:4)
  The ghost of Shard1697 the Basher, a journeyman DrCA of Lugonu (D:13)
  2 white draconians (IceCv)
  A blizzard demon (Gauntlet)
  4 merfolk impalers
  Snorg (Lair:5)
  A fire dragon (Lair:5)
  2 merfolk avatars
  An ice dragon (D:15)
  A radroach (Spider:4)
  2 boulder beetles
  3 merfolk aquamancers (Shoals:4)
  2 two-headed ogres (D:9)
  A naga warrior (D:13)
  3 death yaks
  A sea snake (Shoals:4)
  A deep elf archer (D:13)
  3 orb spiders
  A steelbarb worm (Spider:4)
  An orc knight (D:11)
  5 harpies
  2 cyclopes
  A faun (Shoals:1)
  A wolf spider (Spider:2)
  6 manticores
  3 elephants
  A guardian serpent (Lair:3)
  2 water nymphs (Shoals:3)
  3 cane toads
  A torpor snail (Spider:4)
  A storm dragon simulacrum (IceCv)
  5 komodo dragons
  10 merfolk
  2 trolls
  10 tarantellas
  A hornet (shapeshifter) (D:15)
  A wind drake (Shoals:4)
  2 dream sheep
  4 snapping turtles
  A slime creature (D:14)
  2 blink frogs (Lair:3)
  A spriggan (shapeshifter) (D:14)
  3 jumping spiders
  4 yaks (Lair:5)
  5 water elementals (Shoals:4)
  2 shadows (Gauntlet)
  A basilisk (D:11)
  9 redbacks
  A wyvern (Lair:5)
  A steam dragon (Lair:5)
  2 water moccasins
  A swamp drake (Orc:1)
  7 orc warriors
  A black bear (D:7)
  An ice dragon simulacrum (IceCv)
  2 ogres
  A centaur (D:8)
  A kobold brigand (D:10)
  3 bullfrogs
  A scorpion (D:5)
  A lindwurm simulacrum (IceCv)
  3 killer bees
  A crimson imp (Orc:1)
  3 orc priests (Orc:1)
  A jelly (Lair:5)
  An iguana (Lair:5)
  2 orc wizards (Orc:1)
  A gnoll (Orc:2)
  An adder (D:5)
  2 river rats (Lair:2)
  9 orcs
  2 endoplasms (Lair:5)
  6 kobolds (D:10)
  A rat (Lair:2)
180 creatures vanquished.

Vanquished Creatures (others)
  A deep elf pyromancer (Orc:1)
  An air elemental (Elf:2)
  A swamp drake (Lair:5)
  An iguana (Lair:5)
  32 hexers
  An orc wizard (D:5)
  An orc (Orc:1)
38 creatures vanquished.

Grand Total: 1133 creatures vanquished

Notes
Turn   | Place    | Note
-------+----------+-------------------------------------------
     0 | D:1      | Newt the Demonspawn Gladiator began the quest for the Orb.
     0 | D:1      | Reached XP level 1. HP: 16/16 MP: 1/1
   120 | D:1      | Gained mutation: A meltable shield of frost defends you.
                  | (SH +4) [demonic ancestry]
   120 | D:1      | Reached XP level 2. HP: 20/23 MP: 2/2
   264 | D:1      | Reached skill level 3 in Fighting
   402 | D:1      | Found a faded altar of an unknown god.
   704 | D:1      | Discovered your monstrous ancestry.
   704 | D:1      | Gained mutation: You have sharp fingernails. [demonic
                  | ancestry]
   704 | D:1      | Reached XP level 3. HP: 29/29 MP: 3/3
   744 | D:1      | You fall into a shaft and drop 1 floor!
   967 | D:2      | Reached skill level 4 in Fighting
   981 | D:2      | Reached skill level 1 in Stealth
  1779 | D:3      | Reached XP level 4. HP: 37/37 MP: 4/4
  1971 | D:3      | Found a glowing drain.
  1982 | Sewer    | Entered a sewer
  2111 | Sewer    | Reached XP level 5. HP: 40/42 MP: 5/5
  2756 | D:3      | Noticed Terence
  2757 | D:3      | Found Xysheb's General Store.
  2787 | D:3      | Killed Terence
  2890 | D:3      | Found an ornate altar of the Wu Jian Council.
  3184 | D:4      | Reached skill level 5 in Fighting
  3184 | D:4      | Gained mutation: You have very sharp fingernails. [demonic
                  | ancestry]
  3184 | D:4      | Reached XP level 6. HP: 41/51 MP: 6/6
  3233 | D:4      | Noticed a sky beast
  3250 | D:4      | Killed a sky beast
  3383 | D:4      | Reached skill level 6 in Fighting
  3583 | D:4      | Reached skill level 1 in Long Blades
  3865 | D:5      | Entered Level 5 of the Dungeon
  3911 | D:5      | Noticed a water moccasin
  3920 | D:5      | Killed a water moccasin
  3921 | D:5      | Gained mutation: You have large cloven feet. [demonic
                  | ancestry]
  3921 | D:5      | Reached XP level 7. HP: 54/58 MP: 7/7
  4002 | D:5      | Found a runed translucent gate.
  4002 | D:5      | Found a runed translucent gate.
  4002 | D:5      | Found a runed translucent gate.
  4017 | D:5      | Noticed IYTBazzie's ghost (novice BaFE)
  4087 | D:5      | Noticed a troll
  4450 | D:5      | Found a runed translucent door.
  4451 | D:5      | Noticed Crazy Yiuf
  4662 | D:5      | Killed Crazy Yiuf
  4798 | D:6      | Reached skill level 5 in Long Blades
  4851 | D:6      | Found Jittas's Jewellery Shop.
  4939 | D:6      | Reached XP level 8. HP: 62/64 MP: 8/8
  4984 | D:6      | Reached skill level 1 in Evocations
  5208 | D:6      | Found a staircase to the Ecumenical Temple.
  5319 | Temple   | Entered the Ecumenical Temple
  5493 | Temple   | Became a worshipper of Hepliaklqana the Forgotten
  5564 | D:6      | Noticed a two-headed ogre
  5579 | D:6      | Killed a two-headed ogre
  5580 | D:6      | Reached skill level 5 in Evocations
  6206 | D:7      | Gained mutation: You have hoof-like feet. [demonic
                  | ancestry]
  6206 | D:7      | Reached XP level 9. HP: 61/69 MP: 9/9
  6388 | D:7      | Reached skill level 5 in Armour
  6491 | D:7      | Reached * piety under Hepliaklqana
  6688 | D:7      | Noticed Maggie
  6705 | D:7      | Killed Maggie
  6706 | D:7      | Reached skill level 7 in Fighting
  7166 | D:8      | Reached skill level 8 in Fighting
  7339 | D:8      | Reached ** piety under Hepliaklqana
  7340 | D:8      | Remembered your ancestor Appius as a hexer
  7354 | D:8      | Found a bloodstained altar of Trog.
  7936 | D:9      | Noticed a two-headed ogre
  7940 | D:9      | Killed a two-headed ogre
  7941 | D:9      | Reached skill level 9 in Fighting
  7972 | D:9      | Identified the +1 flail of the Spheres {freeze, rF+ Int-3
                  | Dex+3 SInv}
  7979 | D:9      | Noticed a two-headed ogre
  7991 | D:9      | Killed a two-headed ogre
  7992 | D:9      | Gained mutation: You regenerate magic rapidly. [demonic
                  | ancestry]
  7992 | D:9      | Reached XP level 10. HP: 45/74 MP: 10/10
  8151 | D:9      | Found a snail-covered altar of Cheibriados.
  8152 | D:9      | Found Cheibriados's Comfort Zone.
  8376 | D:9      | Found a runed translucent door.
  8376 | D:9      | Noticed dolemite99's ghost (novice DrSh)
  8425 | D:9      | Noticed a two-headed ogre
  8433 | D:9      | Killed a two-headed ogre
  8548 | D:9      | Found Seumnuu's Lightly-Used Armoury.
  8839 | D:9      | Killed dolemite99's ghost
  9115 | D:5      | Killed IYTBazzie's ghost
  9248 | D:10     | Entered Level 10 of the Dungeon
  9255 | D:10     | Noticed Erolcha
  9265 | D:10     | Killed Erolcha
  9266 | D:10     | Gained mutation: You have a pair of small antennae on your
                  | head. [demonic ancestry]
  9266 | D:10     | Reached XP level 11. HP: 79/80 MP: 11/11
  9483 | D:10     | Reached *** piety under Hepliaklqana
  9637 | D:10     | Found a staircase to the Lair.
  9689 | D:10     | Noticed Lodul
  9701 | D:11     | Noticed an orc knight
 10091 | D:11     | Noticed a centaur warrior
 10102 | D:11     | Killed a centaur warrior
 10206 | D:11     | Killed an orc knight
 10738 | D:10     | Killed Lodul
 10739 | D:10     | Reached skill level 5 in Spellcasting
 10894 | D:3      | Bought the +3 Mad Mage's Maulers {Infuse+∞ VampMP -Cast}
                  | for 560 gold pieces
 10894 | D:3      | Found the +3 Mad Mage's Maulers {Infuse+∞ VampMP -Cast}
 11113 | D:10     | Reached **** piety under Hepliaklqana
 11167 | D:10     | Noticed Fannar
 11177 | D:10     | Killed Fannar
 11870 | D:12     | Found a staircase to the Orcish Mines.
 11887 | D:12     | Reached ***** piety under Hepliaklqana
 11890 | D:12     | Noticed a green ugly thing
 11933 | D:11     | Killed a green ugly thing
 12120 | D:12     | Noticed a brown ugly thing
 12127 | D:12     | Reached XP level 12. HP: 73/85 MP: 1/19
 12202 | D:12     | Found the +4 skin of Zhor {*Englaciate rC+++ SInv}
 12507 | D:12     | Noticed Rupert
 12514 | D:12     | Killed Rupert
 12687 | D:12     | Reached skill level 10 in Fighting
 13273 | Lair:1   | Entered Level 1 of the Lair of Beasts
 13286 | Lair:1   | Reached skill level 11 in Fighting
 13984 | Lair:1   | Reached skill level 12 in Fighting
 14128 | Lair:1   | Found an opulent altar of Gozag.
 14581 | Lair:2   | Identified the +1 mace of the Spider {speed, rF+ rCorr
                  | Str+3}
 14995 | Lair:2   | Found a hole to the Spider Nest.
 15015 | Lair:2   | Reached skill level 5 in Dodging
 15335 | Lair:2   | Noticed Harold
 15340 | Lair:2   | Killed Harold
 15341 | Lair:2   | Gained mutation: You have claws for hands. [demonic
                  | ancestry]
 15341 | Lair:2   | Reached XP level 13. HP: 85/97 MP: 4/20
 16395 | Lair:3   | Found a staircase to the Shoals.
 16916 | Lair:3   | Noticed Gastronok
 16933 | Lair:3   | Killed Gastronok
 17999 | Lair:3   | Reached skill level 10 in Dodging
 17999 | Lair:3   | Reached skill level 1 in Invocations
 18271 | Lair:3   | Found the +3 pair of seven-league boots {Rampage+∞}
 18381 | Lair:3   | Reached skill level 5 in Invocations
 18766 | Lair:4   | Found a blossoming altar of Fedhas.
 18901 | Lair:4   | Reached XP level 14. HP: 49/103 MP: 21/21
 19234 | Lair:4   | Found a stormy altar of Qazlal.
 19400 | Lair:4   | Reached skill level 1 in Unarmed Combat
 20000 | Lair:5   | Entered Level 5 of the Lair of Beasts
 20301 | Lair:5   | Found a viscous altar of Jiyva.
 20308 | Lair:5   | Found a staircase to the Slime Pits.
 20397 | Lair:5   | Reached skill level 5 in Unarmed Combat
 20540 | Lair:5   | Noticed Snorg
 20550 | Lair:5   | Killed Snorg
 22368 | Orc:1    | Entered Level 1 of the Orcish Mines
 22915 | Orc:1    | Noticed an orc warlord
 22960 | Orc:1    | Killed an orc warlord
 23449 | Orc:2    | Entered Level 2 of the Orcish Mines
 23503 | Orc:2    | Noticed Urug
 23514 | Orc:2    | Killed Urug
 24363 | Orc:2    | Found a staircase to the Elven Halls.
 24415 | Orc:2    | Reached skill level 10 in Evocations
 24528 | Orc:2    | Found Timeruept's Book Shop.
 24528 | Orc:2    | Found Appi's Antique Armour Emporium.
 24530 | Orc:2    | Found Xaorpheuz's General Store.
 24532 | Orc:2    | Found Guvidgh's Jewellery Boutique.
 24539 | Orc:2    | Bought a scroll of identify for 30 gold pieces
 24690 | Orc:2    | Found Yseghaa's CLEARANCE SALE!.
 24700 | Orc:2    | Bought a scroll of acquirement for 156 gold pieces
 24815 | Orc:2    | Acquired a manual of Fighting
 24837 | Orc:2    | Bought the ring "Gavuzur" {rN++ AC+4 Str+5 Stlth-} for 939
                  | gold pieces
 25005 | Shoals:1 | Entered Level 1 of the Shoals
 25493 | Orc:2    | Bought an amulet of reflection for 450 gold pieces
 25726 | Shoals:1 | Gained mutation: You have hooves in place of feet. [demonic
                  | ancestry]
 25726 | Shoals:1 | Reached XP level 15. HP: 91/108 MP: 22/22
 26825 | Shoals:2 | Reached ****** piety under Hepliaklqana
 26834 | Shoals:2 | Found Siw Mis's General Store.
 27359 | Shoals:2 | You fall into a shaft and drop 1 floor!
 28579 | Shoals:3 | Noticed Ilsuiw
 28640 | Shoals:4 | Entered Level 4 of the Shoals
 28725 | Shoals:4 | Reached skill level 10 in Long Blades
 30985 | Shoals:4 | Gained mutation: You have a pair of antennae on your head.
                  | [demonic ancestry]
 30985 | Shoals:4 | Reached XP level 16. HP: 92/114 MP: 23/23
 31396 | Shoals:4 | Got a barnacled rune of Zot
 32078 | D:13     | Found a gate to the Vaults.
 32416 | D:13     | Found a runed translucent gate.
 32419 | D:13     | Found a runed translucent gate.
 32419 | D:13     | Found a runed translucent gate.
 32419 | D:13     | Noticed Shard1697's ghost (journeyman DrCA)
 32791 | D:13     | Found an iron altar of Okawaru.
 33044 | D:13     | Killed Shard1697's ghost
 33113 | D:13     | Got the Collected Works on Astrapomancy
 33114 | D:13     | Identified the +1 morningstar of Paump {pain, Fragile Int+4
                  | Stlth+}
 33256 | D:14     | Found a gate leading to a gauntlet.
 33267 | Gauntlet | Entered a Gauntlet
 33267 | Gauntlet | Found a transporter.
 33267 | Gauntlet | Found a transporter.
 33267 | Gauntlet | Found a transporter.
 33268 | Gauntlet | Found a transporter.
 33269 | Gauntlet | Found a transporter.
 33272 | Gauntlet | Found a transporter.
 33281 | Gauntlet | Found a transporter.
 33282 | Gauntlet | Found a transporter.
 33283 | Gauntlet | Found a transporter.
 33288 | Gauntlet | Found a transporter.
 33292 | Gauntlet | Found a transporter.
 33292 | Gauntlet | Found a transporter.
 33300 | Gauntlet | Found the +5 scythe "Finisher" {speed, execute}
 33559 | Gauntlet | Reached skill level 13 in Fighting
 33812 | D:14     | Noticed Jorgrun
 33822 | D:14     | Killed Jorgrun
 33838 | D:14     | Reached skill level 14 in Fighting
 34040 | D:14     | Found a sacrificial altar of Ru.
 34187 | D:14     | Gained mutation: You are partially covered in iridescent
                  | scales. (AC +2) [potion of mutation]
 34187 | D:14     | Gained mutation: You are agile. (Dex +4, Str/Int -1)
                  | [potion of mutation]
 34223 | D:15     | Entered Level 15 of the Dungeon
 34496 | D:15     | Reached skill level 15 in Fighting
 34953 | D:15     | Found a staircase to the Depths.
 36141 | Spider:1 | Entered Level 1 of the Spider Nest
 36151 | Spider:1 | Reached skill level 16 in Fighting
 36656 | Spider:1 | Identified the ring of Junosit {rF+++ rC- rN+ Will- Dex+5}
 36958 | Spider:1 | Reached skill level 10 in Unarmed Combat
 38024 | Spider:1 | Gained mutation: When hurt, damage is shared between your
                  | health and your magic reserves. [demonic ancestry]
 38024 | Spider:1 | Reached XP level 17. HP: 125/129 MP: 24/24
 38460 | Spider:2 | Found a frozen archway.
 38553 | IceCv    | Entered an ice cave
 39620 | IceCv    | Identified the ring of Ysuobuk {rC+ rN+}
 39667 | IceCv    | Identified the +5 dagger of Orani {protect, Drain rCorr
                  | Stlth+}
 39747 | IceCv    | Identified the amulet of Prescription {RegenMP Harm +Blink
                  | rF+ rC+}
 39928 | IceCv    | Identified the amulet of Xom's Bemusement {Spirit rPois
                  | rCorr}
 39932 | IceCv    | Identified the +4 steam dragon scales of Dyrghis {Int+3}
 40456 | Spider:2 | Identified the +5 chain mail "Bira" {Rampage}
 42096 | Spider:4 | Entered Level 4 of the Spider Nest
 42153 | Spider:4 | HP: 1/119 [pharaoh ant (6)]
 43481 | Spider:4 | Identified the +0 pair of gloves "Keteareh" {-Tele rElec
                  | rF+ Dex+4}
 43492 | Spider:4 | Reached skill level 15 in Unarmed Combat
 43506 | Spider:4 | Got a gossamer rune of Zot
 44177 | Spider:4 | Reached XP level 18. HP: 105/132 MP: 25/25
 44711 | D:15     | Lost mutation: You are agile. (Dex +4, Str/Int -1) [potion
                  | of mutation]
 44711 | D:15     | Lost mutation: You are partially covered in iridescent
                  | scales. (AC +2) [potion of mutation]
 44711 | D:15     | Gained mutation: Potions are less effective at restoring
                  | your health. [potion of mutation]
 44711 | D:15     | Gained mutation: You passively map a small area around you.
                  | [potion of mutation]
 44712 | D:15     | Lost mutation: Potions are less effective at restoring your
                  | health. [potion of mutation]
 44712 | D:15     | Lost mutation: You passively map a small area around you.
                  | [potion of mutation]
 44712 | D:15     | Gained mutation: You expend magic power (3 MP) to
                  | strengthen your wands. [potion of mutation]
 44712 | D:15     | Gained mutation: Your natural rate of healing is unusually
                  | fast. [potion of mutation]
 44714 | D:15     | Lost mutation: Your natural rate of healing is unusually
                  | fast. [potion of mutation]
 44714 | D:15     | Lost mutation: You expend magic power (3 MP) to strengthen
                  | your wands. [potion of mutation]
 44714 | D:15     | Gained mutation: Your spells are a little harder to cast,
                  | but a little more powerful. [potion of mutation]
 44714 | D:15     | Gained mutation: You have hidden genetic defects. [potion
                  | of mutation]
 44714 | D:15     | Gained mutation: A frigid envelope surrounds you and
                  | freezes all who hurt you. [potion of mutation]
 44715 | D:15     | Lost mutation: Your spells are a little harder to cast, but
                  | a little more powerful. [potion of mutation]
 44715 | D:15     | Lost mutation: A frigid envelope surrounds you and freezes
                  | all who hurt you. [potion of mutation]
 44715 | D:15     | Lost mutation: You have hidden genetic defects. [potion of
                  | mutation]
 44715 | D:15     | Gained mutation: You have a somewhat thin skeletal
                  | structure. (Dex +2, Stealth+) [potion of mutation]
 44715 | D:15     | Gained mutation: Your flesh is heat resistant. (rF+)
                  | [potion of mutation]
 44813 | Elf:1    | Entered Level 1 of the Elven Halls
 45483 | Elf:1    | Found Asoenece's Book Shoppe.
 45484 | Elf:1    | Found Reluteff's Jewellery Boutique.
 45485 | Elf:1    | Found Wiegisygu's Book Shoppe.
 45602 | Elf:1    | Got the Secrets of the Many Tales
 46000 | Elf:1    | Identified the +1 leather armour "Irutodgh" {Fly}
 46089 | Elf:2    | Paralysed by an air elemental for 1 turns
 46116 | Elf:2    | Paralysed by an air elemental for 1 turns
 46419 | Elf:3    | Entered Level 3 of the Elven Halls
 46575 | Elf:2    | Noticed Donald
 46584 | Elf:3    | HP: 6/135 [burnt (1)]
 46594 | Elf:3    | HP: 6/135 [shot self (7)]
 46948 | Elf:3    | Noticed an Ice Fiend
 47062 | Elf:3    | Identified the +9 falchion of the Warrior {antimagic, rElec
                  | Will++ rCorr Str+2}
 47066 | Elf:3    | Identified the +4 battleaxe of the Seven Friends
                  | {antimagic, rC+}
 47069 | Elf:3    | Mangled by a deep elf blademaster

Illustrated notes

Levels and vault maps discovered:
D:1:      spicycebolla_green_bress_n_ham_2, layout_loops_corners,
          ebering_ecumenical_altar_box, nicolae_eternal_life,
          minmay_tiny_reverse_x
D:2:      layout_rooms, minivault_26
D:3:      kennysheep_six_static_rooms, layout_basic, nzn_wu_jian_council_hall,
          serial_shops, shop, gup_sewer_entry_bubbles, uniq_terence
D:4:      layout_basic, serial_aquarium, aquarium_bridge_island_small
          [aquarium_subvault_small_open, aquarium_subvault_bridge,
          aquarium_subvault_window, aquarium_subvault_wall,
          aquarium_subvault_wall], aquarium_window_2, aquarium_window_fake,
          aquarium_window_corner, aquarium_view_2g, aquarium_view_2e,
          aquarium_balcony_3a, aquarium_pool_2
D:5:      layout_basic, gammafunk_ghost_split, uniq_crazy_yiuf_cottage
D:6:      layout_loops_cross, minmay_temple_entry_poolview, serial_shops, shop,
          eino_small_chamber_without_monster
D:7:      layout_basic, uniq_maggie
D:8:      layout_gridville, lemuel_tele_altar
D:9:      layout_roguey, gammafunk_ghost_grave, minmay_shop_damaged,
          moated_statue, minmay_shop_chei
D:10:     layout_small_grid, grunt_lair_entry_orc_guard_hut, uniq_fannar,
          uniq_erolcha, uniq_lodul
D:11:     layout_irregular_city
D:12:     layout_irregular_city, orc_0_dummy, hellmonk_guarded_unrand_zhor,
          uniq_rupert
D:13:     layout_loops_corners, david_vaults_5, gammafunk_ghost_fury_of_okawaru
D:14:     layout_rooms, nicolae_ru_the_path_less_chosen, gauntlet_entry_generic,
          uniq_jorgrun
D:15:     grunt_enter_depths_hoard, layout_basic, minmay_tree_intersection
Temple:   nicolae_temple_slightly_damp_pantheon
Lair:1:   layout_cave_pods, basic_altar, lemuel_fruit_tree,
          serial_bayou_shore_a, grunt_megastairs_3
Lair:2:   layout_roguey, nicolae_spider_entry_tight_spaces, kennysheep_rathole,
          uniq_harold
Lair:3:   layout_gridlike, elwin_shoals_entry_rocks,
          hellmonk_guarded_unrand_seven_league_boots, uniq_gastronok
Lair:4:   layout_concentric_octagons, basic_altar, lemuel_oklob_altar,
          grunt_megastairs_4
Lair:5:   guppyfry_lair_end_dragon, layout_cave_pods,
          nicolae_slime_entry_slimehenge, lemuel_fruit_fields,
          serial_bayou_shore_b, grunt_megastairs_2, uniq_snorg
Shoals:1: layout_shoals
Shoals:2: layout_shoals, nicolae_stop_n_shop_1
Shoals:3: layout_shoals, uniq_ilsuiw
Shoals:4: shoals_end_hangedman, layout_shoals, abandoned_shop
Spider:1: layout_cave_pods, nicolae_spider_bug_shape
Spider:2: layout_spider_delve, special_room [special_room_bee],
          portal_ice_cave_entry_pillars_four
Spider:3: layout_spider_delve
Spider:4: grunt_spider_rune_circles
Orc:1:    layout_diamond_mine, basic_altar, hangedman_minor_magic
Orc:2:    st_orc_rangers, layout_caves, nicolae_shop_clearance, uniq_urug
Elf:1:    minmay_elf_crystal_square, layout_gridlike, minmay_elf_sorcery,
          minmay_shop_grove
Elf:2:    nicolae_elf_blades_crystal_corner, layout_geoelf_octagon,
          nicolae_elf_big_sculpture_3, hex_intersection, uniq_donald
Elf:3:    nooodl_elf_gasket, layout_loops_corners, serial_shops,
          bzr_entry_lakeside, minmay_misc_feat_ornament, uniq_saint_roka

Skill      XL: |  1  2  3  4  5  6  7  8  9 10 11 12 13 14 15 16 17 18 |
---------------+-------------------------------------------------------+-----
Fighting       | 3 4 5 6 9 12 16 | 16.0
Stealth        | 1 2 |  2.0
Short Blades   | 3 4 |  4.0
Long Blades    | 2 5 7 9 12 13 | 13.6
Evocations     | 5 8 9 10 13 | 13.2
Armour         | 4 5 7 9 |  9.0
Spellcasting   | 5 |  5.0
Dodging        | 5 10 13 | 13.7
Invocations    | 8 9 |  9.0
Unarmed Combat | 9 10 15 | 15.0
Throwing       | |  1.7

Action                     |  1- 3 |  4- 6 |  7- 9 | 10-12 | 13-15 | 16-18 || total
---------------------------+-------+-------+-------+-------+-------+-------++-------
  Melee: Rapier            |    92 |       |       |       |       |       ||    92
         Punch             |     2 |     2 |     1 |     9 |    83 |   140 ||   237
         Dagger            |    82 |   308 |       |       |       |       ||   390
         Falchion          |       |   103 |   258 |   483 |  1306 |   474 ||  2624
         Kick              |       |       |    84 |   182 |   600 |   531 ||  1397
         Unarmed           |       |       |       |       |       |   680 ||   680
  Throw: Throwing net      |       |     2 |     1 |       |       |     1 ||     4
         Dart              |       |       |     4 |     2 |     6 |       ||    12
         Javelin           |       |       |     1 |       |       |       ||     1
 Invoke: Ancestor Life: He |       |       |     1 |       |       |       ||     1
         Recall Ancestor   |       |       |       |       |     4 |    18 ||    22
Ability: Evoke Blink       |       |       |       |       |       |     3 ||     3
  Evoke: Wand              |       |       |     2 |     5 |    62 |    40 ||   109
         Box of beasts     |       |       |       |       |     1 |     1 ||     2
         Phial of floods   |       |       |       |       |       |     3 ||     3
         Tin of tremorston |       |       |       |       |       |     2 ||     2
    Use: Scroll            |     6 |     6 |     2 |    10 |     5 |     9 ||    38
         Potion            |       |       |       |     4 |     8 |    19 ||    31
   Stab: Sleeping          |     2 |     3 |     3 |     1 |     4 |     4 ||    17
         Held in net/web   |       |     1 |     1 |       |       |     1 ||     3
         Distracted        |       |       |     2 |     9 |    25 |    16 ||    52
         Confused          |       |       |       |     9 |    27 |    19 ||    55
         Paralysed         |       |       |       |       |    61 |   103 ||   164
         Petrified         |       |       |       |       |     8 |       ||     8
 Armour: Leather armour    |    61 |   177 |    83 |       |       |       ||   321
         Swamp dragon scal |       |       |    14 |   217 |       |       ||   231
         Animal skin       |       |       |       |    24 |   289 |   260 ||   573
  Dodge: Dodged            |   130 |   210 |   116 |   226 |   805 |   703 ||  2190
  Block: Other             |    36 |    69 |    38 |    83 |   216 |   297 ||   739
         Reflection        |       |       |       |       |    13 |     4 ||    17

Table legend: (Time is in decaauts)
 A = Elapsed time spent in this place.
 B = Non-inter-level travel time spent in this place.
 C = Inter-level travel time spent in this place.
 D = Time resting spent in this place.
 E = Time spent auto-exploring this place.
 F = Levels seen in this place.
 G = Mean time per level.
                   A        B        C        D        E       F      G
               +--------+--------+--------+--------+--------+-----+--------+
         Total |  46789 |  43081 |   3708 |  11720 |  23503 |  37 | 1264.6 |
       Dungeon |  16941 |  14897 |   2044 |   2231 |  10140 |  15 | 1129.4 |
        Temple |    188 |    165 |     23 |      0 |    144 |   1 |  188.0 |
          Lair |   9478 |   8688 |    790 |   2467 |   4955 |   5 | 1895.6 |
        Shoals |   6397 |   6022 |    375 |   2294 |   2634 |   4 | 1599.2 |
   Spider Nest |   6756 |   6509 |    247 |   2334 |   2826 |   4 | 1689.0 |
  Orcish Mines |   2499 |   2307 |    192 |    654 |   1158 |   2 | 1249.5 |
   Elven Halls |   2219 |   2184 |     35 |    785 |    963 |   3 |  739.7 |
         Sewer |    440 |    440 |      0 |      0 |    266 |   1 |  440.0 |
      Ice Cave |   1429 |   1429 |      0 |    894 |    249 |   1 | 1429.0 |
      Gauntlet |    438 |    438 |      0 |     60 |    166 |   1 |  438.0 |
               +--------+--------+--------+--------+--------+-----+--------+

Top non-repeatable levels by time:
Shoals:4: 2860 daAuts
  Lair:3: 2287 daAuts
Spider:4: 2260 daAuts
  Lair:5: 2165 daAuts
Spider:1: 2109 daAuts
    D:11: 1852 daAuts
  Lair:2: 1844 daAuts
  Lair:1: 1795 daAuts
    D:15: 1582 daAuts
    D:13: 1564 daAuts
Shoals:1: 1471 daAuts
   IceCv: 1429 daAuts
Spider:2: 1419 daAuts
    D:12: 1413 daAuts
   Orc:1: 1393 daAuts
